[Event "Titled Tuesday Blitz February 07 Early 2023"]
[White "Ramirez Allo, Eduardo"]
[Black "Demin, Vladimir"]
[WhiteFideId "2224178"]
[BlackFideId "4167457"]
[WhiteElo "2274"]
[BlackElo "2430"]
[Result "0-1"]
[Round "07"]
[TimeControl "180+2"]
[Date "2023.02.07"]
[WhiteClock "0:00:02"]
[BlackClock "0:01:06"]

1. Nf3 d5 2. c4 e6 3. g3 Nf6 4. Bg2 Be7 5. O-O O-O 6. d4 dxc4 7. Qc2 b5 8. a4 Bb7 9. axb5 a6 10. bxa6 Nxa6 11. Qxc4 Bd5 12. Qc3 Ne4 13. Qe3 Nb4 14. Rxa8 Qxa8 15. Bd2 Rb8 16. Nc3 Nc2 17. Qd3 Nb4 18. Qe3 Nc2 19. Qf4 Bd6 20. Nxd5 Bxf4 21. Nxf4 Nxd2 22. Nxd2 Qa5 23. Nc4 Qb4 24. Ne5 Nxd4 25. e3 Nc2 26. Nc6 Qxb2 27. Nxb8 Qxb8 28. Rc1 Qb2 29. Nd3 Qa2 30. Be4 g6 31. Nf4 Na3 32. Rxc7 Nc4 33. h4 Nd2 34. Bg2 Qa1+ 35. Kh2 Qe1 36. Nd3 Qe2 37. Rd7 h5 38. Bc6 Nf1+ 39. Kg1 Nd2 40. Bg2 Nc4 41. Nf4 Qe1+ 42. Kh2 Qxf2 43. Nh3 Qxe3 44. Ng5 Qe2 45. Rxf7 Ne3 46. Rf2 Qxf2 0-1


[Site "https://www.chess.com"]

[Event "Titled Tuesday Blitz February 07 Early 2023"]
[White "Mamedov, Edgar"]
[Black "Shapiro, Viktor"]
[WhiteFideId "13739980"]
[BlackFideId "4175700"]
[WhiteElo "2193"]
[BlackElo "2192"]
[Result "1-0"]
[Round "07"]
[TimeControl "180+2"]
[Date "2023.02.07"]
[WhiteClock "0:00:06"]
[BlackClock "0:00:16"]

1. d4 Nf6 2. c4 c5 3. d5 e6 4. Nc3 exd5 5. cxd5 d6 6. e4 g6 7. Nf3 Bg7 8. Be2 O-O 9. Nd2 Re8 10. O-O a6 11. a4 Nbd7 12. f3 Rb8 13. a5 b5 14. axb6 Nxb6 15. Kh1 h5 16. Na4 Nxa4 17. Rxa4 h4 18. Nc4 h3 19. g4 Nxg4 20. fxg4 Rxe4 21. Rxf7 Kxf7 22. Nxd6+ Qxd6 23. Rxe4 Rb4 24. Bf4 Qf6 25. Bc4 Bb7 26. Be5 Qxe5 27. Rxe5 Bxe5 28. b3 Ke7 29. Qf3 a5 30. Qxh3 a4 31. bxa4 Rxc4 32. Qh7+ Kf6 33. Qxb7 Rc1+ 34. Kg2 Rc2+ 35. Kf3 Rxh2 36. Qc6+ Kg5 37. Qxc5 Ra2 38. Qe3+ Kf6 39. g5+ Kf5 40. Qe4+ Kxg5 41. Qxe5+ Kh6 42. d6 Ra3+ 43. Ke4 Rxa4+ 44. Kd5 Ra5+ 45. Ke6 Rxe5+ 46. Kxe5 g5 47. d7 g4 48. Kf4 1-0


[Site "https://www.chess.com"]

[Event "Titled Tuesday Blitz February 07 Early 2023"]
[White "Dolezal, Cristian"]
[Black "Mohamed Anees M"]
[WhiteFideId "103560"]
[BlackFideId "35065815"]
[WhiteElo "2355"]
[BlackElo "2315"]
[Result "0-1"]
[Round "07"]
[TimeControl "180+2"]
[Date "2023.02.07"]
[WhiteClock "0:01:19"]
[BlackClock "0:01:55"]

1. d4 Nf6 2. Nc3 d5 3. Bf4 e6 4. Nb5 Na6 5. e3 Be7 6. Be2 O-O 7. Nf3 c6 8. Nc3 c5 9. Nb5 Bd7 10. a4 Ne4 11. c3 c4 12. Ne5 Bxb5 13. axb5 Nc7 14. f3 Nd6 15. b3 Ncxb5 16. Qc2 cxb3 17. Qxb3 a6 18. c4 Nxc4 19. Nxc4 dxc4 20. Bxc4 Nxd4 21. exd4 Qxd4 22. Ra4 Qxf4 23. Bxe6 Qe5+ 24. Re4 Qa1+ 25. Kf2 Bc5+ 26. Kg3 Qxh1 27. Bd5 Bd6+ 28. Kh3 Qxh2+ 0-1


[Site "https://www.chess.com"]

[Event "Titled Tuesday Blitz February 07 Early 2023"]
[White "Karttunen, Mika"]
[Black "Marn, Jan"]
[WhiteFideId "502081"]
[BlackFideId "14619245"]
[WhiteElo "2490"]
[BlackElo "2345"]
[Result "1-0"]
[Round "07"]
[TimeControl "180+2"]
[Date "2023.02.07"]
[WhiteClock "0:00:34"]
[BlackClock "0:00:09"]

1. d4 d5 2. c4 e6 3. Nc3 Nf6 4. Nf3 dxc4 5. e3 c5 6. Bxc4 a6 7. a4 Nc6 8. O-O cxd4 9. exd4 Be7 10. Qd3 O-O 11. Rd1 Nb4 12. Qe2 b6 13. Ne5 Bb7 14. Bf4 Nfd5 15. Bd2 Nc2 16. Rac1 Nxd4 17. Qg4 Nf6 18. Qh3 Qc7 19. Bf4 Rfd8 20. Bd3 Nb3 21. Nd5 Nxd5 22. Rxc7 Nxc7 23. Qxh7+ 1-0


[Site "https://www.chess.com"]

[Event "Titled Tuesday Blitz February 07 Early 2023"]
[White "Hajiyev, Kanan"]
[Black "Ambartsumova, Karina"]
[WhiteFideId "13404148"]
[BlackFideId "4166299"]
[WhiteElo "2197"]
[BlackElo "2393"]
[Result "0-1"]
[Round "07"]
[TimeControl "180+2"]
[Date "2023.02.07"]
[WhiteClock "0:00:04"]
[BlackClock "0:00:27"]

1. d4 Nf6 2. Nf3 g6 3. g3 Bg7 4. Bg2 O-O 5. O-O d6 6. b3 c5 7. Bb2 cxd4 8. Nxd4 d5 9. c4 dxc4 10. bxc4 Qb6 11. Qb3 Nfd7 12. Rd1 Nc6 13. e3 Nc5 14. Qb5 Bd7 15. Qxb6 axb6 16. Nc3 Na4 17. Nxa4 Rxa4 18. Nxc6 Bxc6 19. Bxg7 Kxg7 20. Bxc6 bxc6 21. Rab1 Rxc4 22. Rxb6 Ra8 23. Rd2 Rc1+ 24. Kg2 c5 25. Rc6 c4 26. Rd7 Rxa2 27. Rxe7 Rcc2 28. Kh3 Rxf2 29. Rxc4 h5 30. g4 Rxh2+ 31. Kg3 Rag2+ 32. Kf3 Rf2+ 33. Ke4 hxg4 34. Kd3 g3 35. Rg4 g2 36. Rb7 Rh1 0-1


[Site "https://www.chess.com"]

[Event "Titled Tuesday Blitz February 07 Early 2023"]
[White "Lymar, Vladislav"]
[Black "Turzo, Attila"]
[WhiteFideId "14162180"]
[BlackFideId "704954"]
[WhiteElo "2119"]
[BlackElo "2279"]
[Result "0-1"]
[Round "07"]
[TimeControl "180+2"]
[Date "2023.02.07"]
[WhiteClock "0:00:04"]
[BlackClock "0:00:19"]

1. e4 c5 2. Nf3 d6 3. g3 Nc6 4. Bg2 e5 5. O-O g6 6. Nc3 Bg7 7. d3 Nge7 8. a4 O-O 9. Nd5 Nxd5 10. exd5 Nb4 11. Nd2 f5 12. a5 Bd7 13. Nc4 Qc7 14. c3 Na6 15. Bg5 Rae8 16. Qd2 Bb5 17. Rfe1 Bxc4 18. dxc4 e4 19. Bf1 Nb8 20. Ra2 Nd7 21. b4 Ne5 22. Be2 Rc8 23. b5 Qf7 24. Bf4 Rce8 25. Bxe5 Rxe5 26. Bf1 h5 27. Bg2 Kh7 28. f4 exf3 29. Rxe5 dxe5 30. Bxf3 e4 31. Bg2 Be5 32. Qe3 Bd6 33. Rf2 Qg7 34. Qc1 Qh6 35. Qxh6+ Kxh6 36. Rc2 h4 37. Kf2 hxg3+ 38. hxg3 Kg5 39. Bh3 Rh8 40. Kg2 Kf6 41. Re2 Ke5 42. Re1 g5 43. Rf1 f4 44. gxf4+ gxf4 45. Bg4 Rg8 46. Kh3 f3 47. Bxf3 exf3 48. Rxf3 Rg7 49. Kh4 Ke4 50. Rf1 Bf4 51. Re1+ Kf5 52. Kh3 Rg3+ 53. Kh4 Rg2 0-1


[Site "https://www.chess.com"]

[Event "Titled Tuesday Blitz February 07 Early 2023"]
[White "Degenbaev, Aziz"]
[Black "Poliakova, Varvara"]
[WhiteFideId "13802640"]
[BlackFideId "13518313"]
[WhiteElo "2203"]
[BlackElo "2010"]
[Result "0-1"]
[Round "07"]
[TimeControl "180+2"]
[Date "2023.02.07"]
[WhiteClock "0:00:04"]
[BlackClock "0:00:47"]

1. e4 e5 2. Nf3 Nc6 3. Bc4 Bc5 4. c3 Nf6 5. d3 d6 6. O-O a6 7. h3 Ba7 8. a4 h6 9. Re1 O-O 10. Nbd2 Be6 11. Bb3 Qd7 12. Nf1 Nh5 13. Bc2 f5 14. d4 fxe4 15. Bxe4 exd4 16. Nxd4 Nxd4 17. cxd4 Qf7 18. Be3 Rae8 19. Bxb7 Nf4 20. Ng3 Bd5 21. Bxd5 Qxd5 22. Bxf4 Rxe1+ 23. Qxe1 Rxf4 24. Rd1 Bxd4 25. Nh1 c5 26. Qe8+ Kh7 27. Qe2 Qf7 28. Qxa6 Qb3 29. Qd3+ Qxd3 30. Rxd3 Bxb2 31. Rxd6 Rxa4 32. Ng3 Ra1+ 33. Kh2 Bd4 34. Rd7 Kg6 35. h4 Kf6 36. Ne4+ Ke6 37. Rb7 c4 38. f3 c3 39. Nxc3 Bxc3 40. Rb6+ Kf5 41. Rb5+ Kg6 42. Rc5 Bd4 43. Rd5 Be3 44. Kg3 Ra4 45. Rd6+ Kh7 46. Rd5 Bf4+ 47. Kh3 Bb8 48. g3 Ra7 49. Rf5 Re7 50. Rf8 Be5 51. Rf5 Bf6 52. Rd5 Kg6 53. Rd3 Kf7 54. Rb3 h5 55. Rb5 Re1 56. Rxh5 Kg6 57. Kg4 Ra1 58. Rb5 Ra4+ 59. f4 Ra3 60. Rb6 Kh7 61. Rb1 Bd4 62. Rf1 Rc3 63. h5 Rc2 64. Kf5 Rc5+ 65. Ke4 Bf6 66. g4 Rc4+ 67. Kf5 Ra4 68. g5 Bd4 69. Rf3 Ra5+ 70. Kg4 Ra1 71. Rd3 Bb2 72. Rd8 g6 73. Rd7+ Kg8 74. hxg6 Bc1 75. f5 Ra2 76. f6 Rg2+ 77. Kf5 Rxg5+ 78. Ke6 Rxg6 79. Rd3 Bb2 80. Rf3 Kf8 81. Kf5 Rh6 82. Kg5 Rh1 83. Rb3 Bd4 84. Rb8+ Kf7 85. Rb7+ Ke6 86. Re7+ Kd6 87. Re4 Rg1+ 88. Rg4 Rf1 89. Rf4 Be3 0-1


[Site "https://www.chess.com"]

[Event "Titled Tuesday Blitz February 07 Early 2023"]
[White "Ordekalog"]
[Black "Jimenez Almeida, Luis David"]
[BlackFideId "22242244"]
[WhiteElo "2555"]
[BlackElo "2242"]
[Result "0-1"]
[Round "07"]
[TimeControl "180+2"]
[Date "2023.02.07"]
[WhiteClock "0:00:02"]
[BlackClock "0:00:04"]

1. e4 c6 2. d4 Na6 3. c4 e5 4. dxe5 Bb4+ 5. Bd2 Qe7 6. Nf3 f6 7. a3 Bxd2+ 8. Qxd2 fxe5 9. b4 d6 10. Nc3 Nf6 11. Rd1 Bg4 12. Qxd6 Bxf3 13. gxf3 Qxd6 14. Rxd6 Ke7 15. c5 Nc7 16. Bc4 Rhf8 17. O-O Nh5 18. Rfd1 Rad8 19. Ne2 a6 20. h4 g6 21. Kh2 Nb5 22. Re6+ Kf7 23. Rxe5+ Kg7 24. Re7+ Kh6 25. Rxd8 Rxd8 26. a4 Na3 27. Be6 Rd2 28. Bg8 Nf6 29. Nf4 Nxg8 30. Rxb7 Rxf2+ 31. Kg3 Rb2 32. Ne6 Nf6 33. Kf4 Nc2 34. Ng5 Nxb4 35. Rf7 Nh5+ 36. Ke5 Ng7 37. Kd6 Rd2+ 38. Kc7 Ra2 39. e5 Rxa4 40. e6 Ra5 41. e7 Nd5+ 42. Kd6 Nxe7 43. Kxe7 Rxc5 44. Kf8 Rf5 45. Kg8 Rxf7 46. Nxf7+ Kh5 47. Kxg7 a5 48. Kxh7 a4 49. Nd6 a3 50. Ne4 a2 0-1


[Site "https://www.chess.com"]

[Event "Titled Tuesday Blitz February 07 Early 2023"]
[White "Baches Garcia, Guillermo"]
[Black "Cori T., Deysi"]
[WhiteFideId "2209764"]
[BlackFideId "3801934"]
[WhiteElo "2327"]
[BlackElo "2362"]
[Result "1-0"]
[Round "07"]
[TimeControl "180+2"]
[Date "2023.02.07"]
[WhiteClock "0:01:05"]
[BlackClock "0:02:09"]

1. e4 e6 2. d4 d5 3. exd5 Qxd5 4. Nf3 c5 5. c4 Qe4+ 6. Be2 cxd4 7. Qxd4 Qxd4 8. Nxd4 e5 9. Nb5 Na6 10. N1c3 Be6 11. Be3 Ne7 12. Nd6+ Kd7 13. Nxb7 Nf5 14. O-O-O+ Kc7 15. Na5 Nxe3 16. fxe3 Bc5 17. Nd5+ Bxd5 18. Rxd5 Bxe3+ 19. Kb1 f6 20. Rhd1 Rad8 21. Rxd8 Rxd8 22. Rxd8 Kxd8 23. Kc2 Kc7 24. a3 Bb6 25. Nb3 Nc5 26. Nxc5 Bxc5 27. b4 Bg1 28. h3 f5 29. a4 e4 30. Kc3 Kd6 31. c5+ Ke5 32. Kc4 f4 33. b5 g5 34. a5 Be3 35. a6 Ke6 36. b6 1-0


[Site "https://www.chess.com"]

[Event "Titled Tuesday Blitz February 07 Early 2023"]
[White "Minko, Dmitry"]
[Black "Alinasab, Mobina"]
[WhiteFideId "24188468"]
[BlackFideId "12528897"]
[WhiteElo "2247"]
[BlackElo "2347"]
[Result "1-0"]
[Round "07"]
[TimeControl "180+2"]
[Date "2023.02.07"]
[WhiteClock "0:01:55"]
[BlackClock "0:01:43"]

1. e4 c5 2. Nf3 e6 3. d4 cxd4 4. Nxd4 Nf6 5. Bd3 Nc6 6. Nxc6 bxc6 7. c4 d5 8. Nd2 e5 9. cxd5 cxd5 10. O-O Be7 11. exd5 Qxd5 12. Bc4 Qc6 13. Qe2 Bb7 14. Bb5 Bd6 15. Bxc6+ Bxc6 16. Nc4 1-0


[Site "https://www.chess.com"]

[Event "Titled Tuesday Blitz February 07 Early 2023"]
[White "Tarlabasi, Emirhan"]
[Black "Ilinca Ilinca, Felix Antonio"]
[WhiteFideId "6350275"]
[BlackFideId "54764998"]
[WhiteElo "2300"]
[BlackElo "2266"]
[Result "1-0"]
[Round "07"]
[TimeControl "180+2"]
[Date "2023.02.07"]
[WhiteClock "0:02:15"]
[BlackClock "0:01:39"]

1. d3 e5 2. e4 Nf6 3. Bg5 h6 4. Bxf6 Qxf6 5. Nc3 c6 6. Qf3 Qxf3 7. Nxf3 d6 8. d4 exd4 9. Nxd4 Be7 10. O-O-O O-O 11. Bc4 Bf6 12. Kb1 Re8 13. Rhe1 b5 14. Ncxb5 cxb5 15. Bd5 a6 16. Bxa8 Bd7 17. Nf5 Bxf5 18. exf5 Rd8 19. Bb7 Be5 20. Rxe5 1-0


[Site "https://www.chess.com"]

[Event "Titled Tuesday Blitz February 07 Early 2023"]
[White "Nur-Mukhametova, Alisa"]
[Black "Hirneise, Jens"]
[WhiteFideId "54117739"]
[BlackFideId "24614734"]
[WhiteElo "2170"]
[BlackElo "2277"]
[Result "0-1"]
[Round "07"]
[TimeControl "180+2"]
[Date "2023.02.07"]
[WhiteClock "0:00:05"]
[BlackClock "0:00:56"]

1. d4 d5 2. c4 e5 3. dxe5 d4 4. Nf3 Nc6 5. a3 a5 6. b3 Bc5 7. Bb2 Nge7 8. Nbd2 Ng6 9. Ne4 Ba7 10. c5 Qd5 11. Qd3 Bxc5 12. Nxc5 Qxc5 13. Rc1 Qe7 14. Nxd4 Ncxe5 15. Qc2 O-O 16. e3 c6 17. Be2 Nh4 18. O-O Bh3 19. f4 Bxg2 20. Rf2 Neg6 21. Rxg2 Nxg2 22. Kxg2 Qxe3 23. Bf3 Qxf4 24. Ne2 Nh4+ 25. Kg1 Qxf3 26. Ng3 Rad8 27. Rf1 Qe3+ 28. Rf2 Rd2 29. Qxd2 Nf3+ 0-1


[Site "https://www.chess.com"]

[Event "Titled Tuesday Blitz February 07 Early 2023"]
[White "Zacurdajev, Dmitry"]
[Black "Sturt, Raven"]
[WhiteFideId "4196309"]
[BlackFideId "2007304"]
[WhiteElo "2273"]
[BlackElo "2470"]
[Result "0-1"]
[Round "07"]
[TimeControl "180+2"]
[Date "2023.02.07"]
[WhiteClock "0:00:05"]
[BlackClock "0:01:32"]

1. d4 f5 2. Nf3 Nf6 3. g3 g6 4. Bg2 Bg7 5. O-O O-O 6. c4 d6 7. Nc3 Qe8 8. d5 Na6 9. Rb1 Bd7 10. Qc2 c6 11. Rd1 cxd5 12. cxd5 Rc8 13. Be3 Ne4 14. Bd4 Nxc3 15. bxc3 Ba4 16. Qd3 Bxd1 17. Qxd1 Nc5 18. Bxg7 Kxg7 19. Qd4+ Kg8 20. Ng5 h6 21. Nh3 g5 22. f4 Qg6 23. Nf2 Qg7 24. Qd2 b6 25. c4 Rc7 26. Nd3 Ne4 27. Qb4 Qd4+ 28. Kh1 Rxc4 29. Qb5 Rfc8 30. Qd7 Rc1+ 31. Bf1 Rxb1 32. Qxc8+ Kg7 33. Kg2 Nd2 34. Qe6 Qe4+ 35. Qxe4 fxe4 0-1


[Site "https://www.chess.com"]

[Event "Titled Tuesday Blitz February 07 Early 2023"]
[White "Perez Gormaz, Matias"]
[Black "Avalos Parra, Joao"]
[WhiteFideId "3406342"]
[BlackFideId "3402541"]
[WhiteElo "2406"]
[BlackElo "2185"]
[Result "0-1"]
[Round "07"]
[TimeControl "180+2"]
[Date "2023.02.07"]
[WhiteClock "0:00:53"]
[BlackClock "0:00:55"]

1. Nf3 d5 2. g3 e6 3. Bg2 Nf6 4. O-O Be7 5. c4 d4 6. d3 O-O 7. e4 c5 8. e5 Nfd7 9. Re1 Nc6 10. h4 h6 11. Bf4 Re8 12. Nbd2 Rb8 13. Nf1 b5 14. b3 bxc4 15. bxc4 Rb2 16. N1h2 Bf8 17. h5 Bb7 18. g4 Be7 19. Qc1 Rb4 20. g5 hxg5 21. Nxg5 Ndxe5 22. Nxe6 fxe6 23. Bxe5 Nxe5 24. Rxe5 Bxg2 25. Kxg2 Bd6 26. Re4 Bxh2 27. Kxh2 Rf8 28. Qd2 Qb8+ 29. Kg1 Rb2 30. Qg5 Rfxf2 31. Rh4 Rg2+ 32. Qxg2 Rxg2+ 33. Kxg2 Qb2+ 0-1


[Site "https://www.chess.com"]

[Event "Titled Tuesday Blitz February 07 Early 2023"]
[White "Forgacs, Attila Jr."]
[Black "Ortega Amarelle, Mariano"]
[WhiteFideId "773654"]
[BlackFideId "3504301"]
[WhiteElo "2264"]
[BlackElo "2472"]
[Result "1/2-1/2"]
[Round "07"]
[TimeControl "180+2"]
[Date "2023.02.07"]
[WhiteClock "0:00:04"]
[BlackClock "0:00:04"]

1. e4 e6 2. d4 d5 3. Nc3 Bb4 4. e5 c5 5. a3 Bxc3+ 6. bxc3 Qa5 7. Bd2 Qa4 8. Qg4 Kf8 9. Nf3 b6 10. c4 dxc4 11. dxc5 bxc5 12. Bxc4 Ba6 13. Bxa6 Qxg4 14. Bb7 Nc6 15. Bxa8 Nge7 16. O-O h6 17. Rab1 Kg8 18. Bxc6 Nxc6 19. Rb7 Qf5 20. Rfb1 Kh7 21. Rc7 Nd4 22. Nxd4 cxd4 23. Rbb7 Rf8 24. Rxa7 Qxe5 25. Bb4 d3 26. h3 d2 27. Bxd2 Rd8 28. Rd7 Rxd7 29. Rxd7 Qa1+ 30. Kh2 Qxa3 31. Rxf7 Kg6 32. Rf3 Qd6+ 33. Bf4 Qc5 34. c3 e5 35. Be3 Qd6 36. Rg3+ Kf7 37. Rf3+ Ke6 38. Rg3 g5 39. h4 e4 40. hxg5 hxg5 41. Bxg5 Qd1 42. Be3 Qh5+ 43. Rh3 Qd1 44. Bd4 Kd5 45. Rg3 Kc4 46. Rh3 Qe2 47. Rg3 Qf1 48. Rh3 Kb3 49. Rg3 Kc2 50. Rh3 Kd2 51. Rg3 Qc4 52. Rh3 Qc7+ 53. Rg3 Ke2 54. Kg1 Qb7 55. Re3+ Kd2 56. Rg3 Qb1+ 57. Kh2 Qb8 58. Kg1 Qb1+ 59. Kh2 Ke2 60. Re3+ Kf1 61. Rg3 Qb8 62. Kh3 Qh8+ 63. Kg4 Qh7 64. Kf4 Qe7 65. Rg5 Qf7+ 66. Ke5 Qc4 67. Rg7 e3 68. fxe3 Ke2 69. Kf4 Kd3 70. g4 Qe6 71. g5 Qe4+ 72. Kg3 Ke2 73. Rf7 Qg6 74. Rf4 Qxg5+ 75. Rg4 Qe7 76. Rf4 Qd6 77. Kg4 Qc6 78. Kf5 Qg2 79. c4 Qh3+ 80. Ke5 Qd7 81. c5 Qc6 82. Rf6 Qc7+ 83. Kd5 Kd3 84. c6 Qd8+ 85. Rd6 Qg8+ 86. Kc5 Qc4+ 87. Kb6 Qb3+ 88. Kc7 Kc4 89. Kd7 Qb5 90. Kd8 Qg5+ 91. Kd7 Qf5+ 92. Kd8 Qg5+ 93. Kd7 Qf5+ 94. Kd8 Qg5+ 1/2-1/2


[Site "https://www.chess.com"]

[Event "Titled Tuesday Blitz February 07 Early 2023"]
[White "Ozates, Tuna"]
[Black "Buchenau, Frank"]
[WhiteFideId "6354521"]
[BlackFideId "4604350"]
[WhiteElo "2251"]
[BlackElo "2222"]
[Result "1-0"]
[Round "07"]
[TimeControl "180+2"]
[Date "2023.02.07"]
[WhiteClock "0:01:20"]
[BlackClock "0:00:09"]

1. e4 e6 2. d3 d5 3. Nd2 Nf6 4. Ngf3 b6 5. g3 dxe4 6. dxe4 Bb7 7. Qe2 Ba6 8. c4 Nc6 9. Bg2 e5 10. O-O Bc5 11. b3 O-O 12. Bb2 Nd4 13. Bxd4 Bxd4 14. Rad1 c5 15. Rfe1 Qe7 16. Nh4 g6 17. Nf1 Rad8 18. Ne3 Bxe3 19. Qxe3 Rxd1 20. Rxd1 Rd8 21. Rd5 Nxd5 22. exd5 f5 23. Nf3 e4 24. Ng5 Bc8 25. f3 h6 26. Nh3 g5 27. fxe4 Re8 28. Nf2 Qe5 29. h4 f4 30. gxf4 gxf4 31. Qf3 Kh7 32. Nd3 Qd4+ 33. Kh2 Qe3 34. Qxf4 Qxf4+ 35. Nxf4 Bg4 36. d6 Kg7 37. Kg3 h5 38. Nd5 Kf7 39. Kf4 Rd8 40. e5 Ke6 41. Nf6 Rxd6 42. Bd5+ Ke7 43. Ng8+ Kf8 44. exd6 1-0


[Site "https://www.chess.com"]

[Event "Titled Tuesday Blitz February 07 Early 2023"]
[White "Sanchez, Robert"]
[Black "Reprintsev, Alexander"]
[WhiteFideId "2034360"]
[BlackFideId "14100541"]
[WhiteElo "1966"]
[BlackElo "2253"]
[Result "0-1"]
[Round "07"]
[TimeControl "180+2"]
[Date "2023.02.07"]
[WhiteClock "0:00:42"]
[BlackClock "0:00:57"]

1. Nf3 d5 2. e3 c6 3. c4 Bg4 4. Nc3 e6 5. b3 g6 6. Bb2 Bg7 7. h3 Bxf3 8. Qxf3 Nd7 9. O-O-O f5 10. Qe2 Ngf6 11. f4 a5 12. g4 O-O 13. g5 Ne4 14. Nxe4 fxe4 15. d3 exd3 16. Rxd3 Qe7 17. h4 a4 18. cxd5 exd5 19. Bxg7 Qxg7 20. Qb2 axb3 21. Qxg7+ Kxg7 22. Rxb3 Nc5 23. Rb2 Rfe8 24. Rh3 Ra3 25. h5 Rexe3 26. h6+ Kf7 27. Rxe3 Rxe3 28. Rc2 b6 29. Be2 Re4 30. Rb2 Na4 31. Rc2 c5 32. Bb5 Rb4 33. Rb2 Nc3 34. Bc6 Rxb2 35. Kxb2 d4 36. Kb3 Ne2 37. Bd5+ Kf8 38. Ka4 Nxf4 39. Be4 c4 40. Kb5 c3 41. Kxb6 d3 0-1


[Site "https://www.chess.com"]

[Event "Titled Tuesday Blitz February 07 Early 2023"]
[White "Bowden, Karl"]
[Black "Golubev, Mikhail"]
[WhiteFideId "400548"]
[BlackFideId "14100983"]
[WhiteElo "2348"]
[BlackElo "2461"]
[Result "1-0"]
[Round "07"]
[TimeControl "180+2"]
[Date "2023.02.07"]
[WhiteClock "0:00:11"]
[BlackClock "0:00:02"]

1. e4 c5 2. c3 d5 3. exd5 Nf6 4. d4 Nxd5 5. Nf3 e6 6. Bd3 Nc6 7. a3 cxd4 8. cxd4 Be7 9. O-O O-O 10. Re1 Bf6 11. Nc3 Nxc3 12. bxc3 b6 13. Qc2 g6 14. Bh6 Re8 15. Re4 e5 16. dxe5 Nxe5 17. Nxe5 Rxe5 18. Rae1 Rxe4 19. Bxe4 Rb8 20. Bf4 Rb7 21. Bxb7 Bxb7 22. Rd1 Qe8 23. Be3 h5 24. Bd4 Qc6 25. f3 Bxd4+ 26. Rxd4 Qc5 27. a4 Qg5 28. Qd2 Qc5 29. h4 Bc6 30. Kh2 Qe5+ 31. Qf4 Qe7 32. Qd6 Qb7 33. Qf6 Qc7+ 34. g3 Be8 35. Rd8 1-0


[Site "https://www.chess.com"]

[Event "Titled Tuesday Blitz February 07 Early 2023"]
[White "Jovic, Stanoje"]
[Black "Belov, Alexei"]
[WhiteFideId "905020"]
[BlackFideId "4128206"]
[WhiteElo "2075"]
[BlackElo "2421"]
[Result "0-1"]
[Round "07"]
[TimeControl "180+2"]
[Date "2023.02.07"]
[WhiteClock "0:00:08"]
[BlackClock "0:00:15"]

1. c4 e6 2. g3 d5 3. Bg2 Nf6 4. Nf3 Be7 5. O-O O-O 6. d4 dxc4 7. Ne5 Nc6 8. Bxc6 bxc6 9. Nxc6 Qe8 10. Nxe7+ Qxe7 11. Na3 c5 12. Nxc4 Rd8 13. b3 cxd4 14. Ba3 Qb7 15. Rc1 Qd5 16. Be7 Bb7 17. f3 Rd7 18. Bxf6 gxf6 19. Qd2 Kg7 20. Qa5 d3 21. Qxd5 exd5 22. Ne3 dxe2 23. Rfe1 Ba6 24. Nf5+ Kg6 25. Nd4 Re8 26. Kf2 h5 27. Rc6 Bd3 28. b4 Bc4 29. a4 a6 30. Nxe2 Rde7 31. Nf4+ Kf5 32. Rxe7 Rxe7 33. Rc5 Ke5 34. Nxh5 Kd4 35. Nf4 Re5 36. h4 Kc3 37. h5 Kxb4 38. Rc8 d4 39. h6 d3 40. h7 d2 41. Rd8 Bd5 42. h8=Q d1=Q 43. Rb8+ Kxa4 44. Kg2 Qxf3+ 45. Kh3 Qh1+ 46. Kg4 Rg5# 0-1


[Site "https://www.chess.com"]

[Event "Titled Tuesday Blitz February 07 Early 2023"]
[White "Ilkhomi, Jaloliddin"]
[Black "Kostiukov, Alexandr"]
[WhiteFideId "14700948"]
[BlackFideId "14108100"]
[WhiteElo "1997"]
[BlackElo "2271"]
[Result "1-0"]
[Round "07"]
[TimeControl "180+2"]
[Date "2023.02.07"]
[WhiteClock "0:00:34"]
[BlackClock "0:00:04"]

1. Nf3 g6 2. d4 Bg7 3. c3 d6 4. Bg5 h6 5. Bh4 f5 6. e3 g5 7. Bg3 Nf6 8. Bd3 O-O 9. Nbd2 Nc6 10. Qc2 Nh5 11. O-O-O e5 12. dxe5 dxe5 13. h4 g4 14. Ne1 Be6 15. Bh2 Qe7 16. Bc4 Kh8 17. Nd3 f4 18. exf4 Bxc4 19. Nxc4 exf4 20. Rhe1 Qf7 21. Nce5 Nxe5 22. Nxe5 Qxa2 23. Ng6+ Kg8 24. Rd7 Rf7 25. Rxf7 Qxf7 26. Re7 Qf6 27. Qb3+ Kh7 28. Re6 1-0


[Site "https://www.chess.com"]

[Event "Titled Tuesday Blitz February 07 Early 2023"]
[White "Babikov, Ivan"]
[Black "Decuigniere, Tom"]
[WhiteFideId "4161106"]
[BlackFideId "26093820"]
[WhiteElo "2239"]
[BlackElo "2382"]
[Result "0-1"]
[Round "07"]
[TimeControl "180+2"]
[Date "2023.02.07"]
[WhiteClock "0:01:46"]
[BlackClock "0:01:47"]

1. Nf3 c5 2. g3 g6 3. Bg2 Bg7 4. d4 cxd4 5. Nxd4 Nc6 6. Nxc6 bxc6 7. O-O Nf6 8. Nc3 O-O 9. e4 Rb8 10. Rb1 d6 11. Be3 Qa5 12. a3 Be6 13. Qd2 Rfc8 14. Nd5 Qxd2 15. Nxe7+ Kf8 16. Bxd2 Kxe7 17. e5 dxe5 18. Bb4+ c5 19. Bc3 Nd5 20. Bd2 Nb6 21. b3 f5 22. a4 e4 23. Rbd1 Rd8 24. Bf4 Rbc8 25. Rfe1 Nd5 26. Bd2 Nc3 27. Bg5+ Bf6 28. Bxf6+ Kxf6 29. Ra1 Rd2 30. Re3 Rxc2 31. Rae1 Nd5 32. R3e2 Rxe2 33. Rxe2 Rb8 34. h4 Rxb3 35. Kh2 c4 36. Rc2 c3 37. Bf1 Rb2 38. Rxc3 Nxc3 0-1


[Site "https://www.chess.com"]

[Event "Titled Tuesday Blitz February 07 Early 2023"]
[White "Leenhouts, Koen"]
[Black "Rosenberg, Evan S"]
[WhiteFideId "1008439"]
[BlackFideId "2019299"]
[WhiteElo "2447"]
[BlackElo "1956"]
[Result "1-0"]
[Round "07"]
[TimeControl "180+2"]
[Date "2023.02.07"]
[WhiteClock "0:00:16"]
[BlackClock "0:00:20"]

1. e4 e5 2. Nf3 Nc6 3. Bb5 Nf6 4. Nc3 Nd4 5. Bc4 Bc5 6. d3 d6 7. h3 h6 8. Be3 c6 9. Bxd4 Bxd4 10. Nxd4 exd4 11. Ne2 c5 12. O-O Be6 13. Bb5+ Bd7 14. Bxd7+ Qxd7 15. c4 O-O 16. f4 Rfe8 17. Ng3 b5 18. b3 bxc4 19. bxc4 Rab8 20. Nf5 Kh7 21. Rf2 g6 22. Ng3 h5 23. f5 Qe7 24. Qf3 Rf8 25. Qf4 Qe5 26. Qg5 Kg7 27. Raf1 Rh8 28. Ne2 Rbf8 29. Nf4 h4 30. Nxg6 Rh5 31. Qxh5 Nxh5 32. Nxe5 dxe5 33. Rb2 Nf4 34. Rxf4 exf4 35. Kf2 Kf6 36. Kf3 Ke5 37. Rb7 Rg8 38. Re7+ Kf6 39. Rxa7 Rg3+ 40. Kxf4 Rxd3 41. e5+ Kg7 42. e6 Rd2 43. Rxf7+ Kg8 44. Ra7 Rxg2 45. f6 Rf2+ 46. Ke5 d3 47. Ra8+ Kh7 48. Rd8 d2 49. e7 Re2+ 50. Kf5 Rf2+ 51. Ke6 Re2+ 52. Kf7 Kh6 53. Rxd2 Rxd2 54. e8=Q Kg5 55. Qe3+ Kf5 56. Qxd2 Ke4 57. Qd5+ Kf4 58. Ke6 Kg3 59. f7 Kxh3 60. Qf3+ Kh2 61. Qg4 h3 62. f8=Q Kh1 63. Qf1+ Kh2 64. Qfg1# 1-0


[Site "https://www.chess.com"]

[Event "Titled Tuesday Blitz February 07 Early 2023"]
[White "Andreev, Konstantin"]
[Black "Brilej, Jaka"]
[WhiteFideId "24239305"]
[BlackFideId "14618818"]
[WhiteElo "2195"]
[BlackElo "2321"]
[Result "1-0"]
[Round "07"]
[TimeControl "180+2"]
[Date "2023.02.07"]
[WhiteClock "0:01:38"]
[BlackClock "0:00:06"]

1. e4 d6 2. Nf3 Nf6 3. Nc3 g6 4. d4 Bg7 5. h4 Bg4 6. Be2 Nc6 7. Be3 e5 8. d5 Ne7 9. Ng5 Bxe2 10. Qxe2 h6 11. Nh3 c6 12. dxc6 bxc6 13. O-O-O Qc7 14. f3 O-O 15. g4 d5 16. Bc5 d4 17. Na4 Rfb8 18. Qc4 Nc8 19. f4 Nb6 20. Nxb6 axb6 21. fxe5 Nxg4 22. Bd6 Nxe5 23. Qxd4 c5 24. Bxc7 cxd4 25. Bxb8 Rxb8 26. Rxd4 b5 27. Rd5 Nc4 28. c3 b4 29. Rc5 Ne5 30. Kc2 bxc3 31. bxc3 Ra8 32. Ra1 Nd7 33. Rc7 Nb6 34. Nf4 Be5 35. Nd5 Bxc7 36. Nxc7 Rc8 37. Nd5 Nd7 38. Ne7+ 1-0


[Site "https://www.chess.com"]